 Dungeon Crawl Stone Soup version 0.27-a0-242-ge0fc76b88b (webtiles) character file.

Game seed: 15162321976492114523

373 wakim the Caller (level 6, -1/32 HPs)
             Began as a Deep Elf Summoner on Feb 2, 2021.
             Was an Initiate of Cheibriados.
             Slain by a phantom (4 damage)
             ... on level 4 of the Dungeon.
             The game lasted 00:13:23 (4242 turns).

wakim the Caller (Deep Elf Summoner)                Turns: 4242, Time: 00:13:25

Health: -1/32      AC:  4    Str:  7    XL:     6   Next: 43%
Magic:  11/15      EV: 11    Int: 22    God:    Cheibriados [......]
Gold:   268        SH:  8    Dex: 16    Spells: 12/15 levels left

rFire    + . .     SeeInvis .   m - +1 spear
rCold    . . .     Faith    .   q - +0 kite shield
rNeg     . . .     Spirit   .   u - +0 robe {rF+}
rPois    .         Reflect  .   t - +0 helmet
rElec    .         Harm     .   (no cloak)
rCorr    .         Rampage  .   (no gloves)
Will     .....                  e - +0 pair of boots
Stlth    ++........             (no amulet)
HPRegen  0.10/turn              (no ring)
MPRegen  0.14/turn              (no ring)

@: very slow
A: no striking features
a: Renounce Religion, Bend Time


You were on level 4 of the Dungeon.
You worshipped Cheibriados.
Cheibriados was noncommittal.
You visited 1 branch of the dungeon, and saw 4 of its levels.

You collected 268 gold pieces.

Inventory:

Hand Weapons
 m - a +1 spear (weapon)
Armour
 e - a +0 pair of boots (worn)
 q - a +0 kite shield (worn)
 t - a +0 helmet (worn)
 u - a +0 robe of fire resistance (worn)
Scrolls
 f - 2 scrolls of remove curse
 g - a scroll of immolation {unknown}
 h - a scroll of noise {unknown}
 j - 3 scrolls of enchant weapon
 l - a scroll of enchant armour {unknown}
 p - 2 scrolls of teleportation {unknown}
Potions
 b - 3 potions of mutation {unknown}
 c - 2 potions of flight {unknown}
 d - 6 potions of curing {unknown}
 i - a potion of heal wounds {unknown}
 k - 2 potions of degeneration {unknown}
 n - a potion of might
 o - a potion of cancellation {unknown}
 r - 2 potions of magic {unknown}
 s - a potion of berserk rage {unknown}


   Skills:
 - Level 3.2 Dodging
 - Level 2.4 Stealth
 * Level 2.5 Shields
 + Level 5.0 Spellcasting
 * Level 6.5 Summonings


You had 12 spell levels left.
You knew the following spells:

 Your Spells              Type           Power        Failure   Level
a - Summon Small Mammal   Summ           100%         3%          1
b - Call Imp              Summ           34%          5%          2

Your spell library contained the following spells:

 Spells                   Type           Power        Failure   Level
 Call Canine Familiar     Summ           34%          11%         3
 Summon Guardian Golem    Hex/Summ       19%          36%         3
 Summon Ice Beast         Ice/Summ       19%          78%         4
 Summon Lightning Spire   Summ/Air       19%          78%         4


Dungeon Overview and Level Annotations

Branches:
Dungeon (4/15)
 Temple: D:4-7

Altars:
Cheibriados
Elyvilon
Sif Muna


Message History

A shadowy apparition takes form in the air.
The phantom hits you.
Your crimson imp blinks!
The phantom closely misses you.
Your white imp closely misses the phantom.
Your crimson imp blinks!
Your shadow imp barely misses the phantom.
The phantom hits you!
* * * LOW HITPOINT WARNING * * *
The phantom blinks!
You blink.
Your crimson imp closely misses the phantom.
Found an amethyst potion.
The phantom hits you.
* * * LOW HITPOINT WARNING * * *
Your crimson imp hits the phantom.
You block the phantom's attack.
Your crimson imp hits the phantom but does no damage.
Your crimson imp blinks!
The phantom hits you.
You die...

.....'........#............#.....
.....########.#............#..#.#
...).#. #.##.................
..5..#. #....#######+#######.
...5.#. #....# #. .§§..#. #....#
#. ...#.#. #....# #. .....#.
#.5#.# #. .⌠.#.#.######..#@# #.
..............5W.# #.
...#.........5...+
_................#
...#...##......#.# .....##
########.# .⌠.#. #.# ...? ..#
...# .#


You could see a phantom, a friendly white imp (summoned) and a friendly shadow
imp (summoned).

Vanquished Creatures
  Edmund (D:4)
  A gnoll (D:4)
  2 adders (D:3)
  2 worms
  2 leopard geckos
  2 ball pythons
  2 jackals (D:3)
  A frilled lizard (D:3)
13 creatures vanquished.

Vanquished Creatures (collateral kills)
  Sigmund (D:3)
  A scorpion (D:4)
  An orc priest (D:4)
  A gnoll shaman (D:4)
  Ijyb (D:4)
  An orc wizard (D:4)
  A worker ant (D:4)
  Robin (D:2)
  2 gnolls (D:4)
  An adder (D:2)
  2 oozes
  4 dart slugs
  2 leopard geckos
  4 orcs (D:4)
  3 bats (D:1)
  3 giant cockroaches
  14 goblins
  9 hobgoblins
  4 jackals (D:2)
  3 ball pythons
  6 frilled lizards
  6 kobolds
  4 rats
75 creatures vanquished.

Grand Total: 88 creatures vanquished

Notes
Turn   | Place    | Note
-------+----------+-------------------------------------------
     0 | D:1      | wakim the Deep Elf Summoner began the quest for the Orb.
     0 | D:1      | Reached XP level 1. HP: 10/10 MP: 6/6
   207 | D:1      | Reached XP level 2. HP: 15/15 MP: 6/8
   764 | D:1      | Learned a level 2 spell: Call Imp
  1114 | D:1      | Reached skill level 5 in Summonings
  1233 | D:2      | Reached XP level 3. HP: 19/19 MP: 1/10
  1470 | D:2      | Noticed Robin
  1485 | D:2      | Killed Robin
  1762 | D:2      | Found a snail-covered altar of Cheibriados.
  2378 | D:3      | Reached XP level 4. HP: 19/24 MP: 8/11
  2573 | D:3      | Noticed Sigmund
  2610 | D:3      | Killed Sigmund
  2611 | D:3      | Reached skill level 1 in Shields
  2611 | D:3      | Reached XP level 5. HP: 12/28 MP: 2/13
  3063 | D:3      | Found a shimmering blue altar of Sif Muna.
  3244 | D:2      | Became a worshipper of Cheibriados the Contemplative
  3931 | D:4      | Reached skill level 6 in Summonings
  4029 | D:4      | Noticed Edmund
  4044 | D:4      | Killed Edmund
  4045 | D:4      | Reached XP level 6. HP: 32/32 MP: 12/15
  4063 | D:4      | Noticed Ijyb
  4101 | D:4      | Killed Ijyb
  4102 | D:4      | Reached skill level 5 in Spellcasting
  4224 | D:4      | Found a white marble altar of Elyvilon.
  4242 | D:4      | Slain by a phantom

Illustrated notes

Levels and vault maps discovered:
D:1:      dpeg_arrival_short_road, layout_basic
D:2:      minmay_wonky_spiral, layout_basic, kennysheep_slug_shrine, uniq_robin
D:3:      layout_basic, overflow_temple_1_default, uniq_sigmund
D:4:      layout_gridville, serial_shops, shop, minmay_door_square,
          elyvilon_altar_5, uniq_edmund, uniq_ijyb

Skill      XL: |  1  2  3  4  5  6 |
---------------+-------------------+-----
Summonings     | 5 6 |  6.5
Dodging        | 3 |  3.2
Shields        | 1 2 |  2.5
Spellcasting   | 4 5 |  5.0
Stealth        | |  2.4

Action                   |  1- 3 |  4- 6 || total
-------------------------+-------+-------++-------
Melee: Unarmed           |    11 |       ||    11
       Spear             |    13 |    80 ||    93
 Cast: Summon Small Mamm |    60 |    20 ||    80
       Call Imp          |     7 |    19 ||    26
  Use: Scroll            |     2 |       ||     2
 Stab: Sleeping          |       |     3 ||     3
       Distracted        |       |     3 ||     3
Armor: Robe              |     7 |     8 ||    15
Dodge: Dodged            |    36 |    22 ||    58
Block: Kite shield       |     5 |    17 ||    22

Table legend: (Time is in decaauts)
 A = Elapsed time spent in this place.
 B = Non-inter-level travel time spent in this place.
 C = Inter-level travel time spent in this place.
 D = Time resting spent in this place.
 E = Time spent auto-exploring this place.
 F = Levels seen in this place.
 G = Mean time per level.
                   A        B        C        D        E       F      G
               +--------+--------+--------+--------+--------+-----+--------+
         Total |   4455 |   4159 |    296 |   1173 |   2016 |   4 | 1113.8 |
       Dungeon |   4455 |   4159 |    296 |   1173 |   2016 |   4 | 1113.8 |
               +--------+--------+--------+--------+--------+-----+--------+

Top non-repeatable levels by time:
     D:3: 1559 daAuts
     D:1: 1171 daAuts
     D:2: 1162 daAuts
     D:4: 562 daAuts
